nht, chaotic female elven Wizard ------ ..G@..| h .---..- |<.. --. nht the Evoker Experience level: 1 Strength: 13 Dexterity: 14 Constitution: 15 Intelligence: 18 Wisdom: 10 Charisma: 8 Health: 0(11) Energy: 6(8) Def: 1 Gold: 183 Moves: 539 Dungeon seed: l_DPZqpJg4ljBUCl Game ID: nht_1434089206 Your Inventory: Coins $ - 183 gold pieces Weapons a - a blessed +1 quarterstaff (weapon in hands) Armor e - a blessed +0 cloak of magic resistance (being worn) Comestibles t - 2 uncursed food rations Scrolls i - an uncursed scroll of identify j - 2 uncursed scrolls of enchant weapon k - an uncursed scroll of gold detection u - a cursed scroll of identify K - 2 uncursed scrolls of scare monster P - 2 uncursed scrolls of identify R - an uncursed scroll of light S - an uncursed scroll of scare monster T - an uncursed scroll of confuse monster Spellbooks w - a blessed spellbook of blank paper Potions f - an uncursed potion of healing h - an uncursed potion of monster detection r - an uncursed potion of restore ability s - an uncursed potion of sleeping z - an uncursed potion of paralysis F - 2 uncursed potions of water named u Rings c - an uncursed ring of sustain ability d - an uncursed +3 ring of gain strength (on left hand) Q - an uncursed ring of searching Wands b - a wand of fire (0:5) v - a wand of opening (0:7) Tools o - a magic marker (0:71) p - an uncursed leather drum M - an uncursed magic whistle Gems n - an uncursed worthless piece of red glass Spells known in the end: Name Level Category Fail Memory a - force bolt 1 attack 0% 98% b - magic missile 2 attack 0% 98% c - sleep 1 enchantment 0% 98% d - detect monsters 1 divination 0% 99% e - healing 1 healing 0% 100% Your skills at the end: Fighting Skills Weapon Skills quarterstaff [Basic] Spellcasting Skills attack spells [Basic] enchantment spells [Basic] Final Attributes: You were piously aligned. You were magic-protected. You had infravision. You are dead. Vanquished creatures: a large kobold 5 grid bugs 2 newts 8 creatures vanquished. Voluntary challenges: You went without food. You were an atheist. You used a wielded weapon 10 times, starting on turn 243. You read items or engraved 7 times, starting on turn 141. You never genocided any monsters. You never polymorphed an object. You never changed form. You used no wishes. You never split a pudding. You wrote Elbereth's name 1 time, starting on turn 142. You never violated your personal moral code. You disabled loading bones files. Dungeon overview: The Dungeons of Doom: levels 1 to 5 Level 1 a long staircase Level 2 (potoins) a potion shop Level 3 a general store, a fountain Level 4 a fountain stairs to The Gnomish Mines Level 5 The Gnomish Mines: Level 5 <- You were here stairs to The Dungeons of Doom History has recorded: On T:1 you entered the Dungeons of Doom to retrieve the Amulet of Yendor! On T:137 you reached level 2 of The Dungeons of Doom. On T:324 you reached level 3 of The Dungeons of Doom. On T:396 you reached level 4 of The Dungeons of Doom. On T:469 you reached level 5 of The Dungeons of Doom. On T:530 you reached level 1 of The Gnomish Mines. Score breakdown: Gold: 183 ( 7704 points) Experience: 1 level ( 0 points) Exploration: 5 levels ( 10.00%) ( 8571 points) Discoveries: 3 items ( 1.09%) ( 3127 points) Valuables value: (no points given unless you survive) Artifact value: 0 ( 0 points) Variety of kills: 3 monsters ( 0.79%) ( 2669 points) Time penalty: 539 turns ( 0 points) Survival: died (score multiplied by 80%) Total score: 17656 Latest messages: You sold a spellbook of detect monsters for 50 gold pieces. You drop a potion called br3 (unpaid, 400 zorkmids). You drop a dark potion (unpaid, 88 zorkmids). The gnome king's bow smoulders! The bolt of fire hits the gnome king! The gnome king swings his bow. The gnome king hits! You die... Final status: Goodbye nht the Wizard, killed by a gnome king... You died in The Gnomish Mines on dungeon level 5 with 17656 points, and 183 pieces of gold, after 539 moves. You were level 1 with a maximum of 11 hit points when you died.